 Dungeon Crawl Stone Soup version 0.21.1-1-g345015f (webtiles) character file.

102 inc the Scratcher (level 4, -2/21 HPs)
             Began as a Felid Monk on Mar 7, 2018.
             Was a Believer of Elyvilon.
             Slain by an orc priest
             ... wielding a +0 club
              (5 damage)
             ... on level 3 of the Dungeon.
             The game lasted 00:04:51 (3128 turns).

inc the Scratcher (Felid Monk)                      Turns: 3128, Time: 00:04:52

Health: -2/21      AC:  1    Str:  7    XL:     4   Next: 49%
Magic:  4/5        EV: 19    Int: 12    God:    Elyvilon [**....]
Gold:   142        SH:  0    Dex: 18    Spells: 3/3 levels left
                                        Lives:  0   Deaths: 1

rFire    . . .     SeeInvis +     - Unarmed
rCold    + . .     Gourm    .   (shield unavailable)
rNeg     . . .     Faith    .   (armour unavailable)
rPois    .         Spirit   .   (helmet unavailable)
rElec    .         Reflect  .   (cloak unavailable)
rCorr    .         Harm     .   (gloves unavailable)
MR       .....                  (boots unavailable)
Stlth    +++.......             (no amulet)
HPRegen  0.07/turn              c - ring of protection from cold
MPRegen  0.09/turn              (no ring)

@: quick
A: very small, no armour, no weapons or thrown items, stealth, claws 1, fangs 3,
see invisible, carnivore, speed 1, sense surroundings 2, shaggy fur 1, slow
metabolism 1, sharp paws
a: Lesser Healing, Heal Other, Divine Protection, Renounce Religion


You were on level 3 of the Dungeon.
You worshipped Elyvilon.
Elyvilon was pleased with you.
You were not hungry.

You visited 1 branch of the dungeon, and saw 3 of its levels.

You collected 142 gold pieces.

Inventory:

Jewellery
 c - a ring of protection from cold (left paw)
 i - an uncursed ring of see invisible {unknown}
Scrolls
 b - 3 scrolls of teleportation {unknown}
 d - a scroll of blinking {unknown}
 f - a scroll of fear {unknown}
 g - a scroll of enchant armour {unknown}
 l - 3 scrolls of remove curse {unknown}
Potions
 e - a potion of mutation
 h - a potion of berserk rage
 j - a potion of lignification {unknown}
 k - 2 potions of curing {unknown}
 m - a potion of might {unknown}
 n - a potion of heal wounds {unknown}
Comestibles
 a - 7 rations


   Skills:
 - Level 3.0 Fighting
 + Level 4.0 Dodging
 - Level 2.6 Stealth
 - Level 6.0 Unarmed Combat


You had 3 spell levels left.
You didn't know any spells.

Dungeon Overview and Level Annotations

Branches:
Dungeon (3/15)

Altars:
Elyvilon
Zin
The Shining One


Innate Abilities, Weirdness & Mutations

You cannot wear armour.
You are incapable of wielding weapons or throwing items.
Your paws allow you to move quietly. (Stealth)
You have sharp claws.
You have razor-sharp teeth.
You have supernaturally acute eyesight. (SInv)
You are carnivorous and can eat meat at any time.
You cover ground quickly.
You are covered in fur. (AC +1)
You have a slow metabolism.
Your sharp claws are effective at attacking unaware monsters.
You passively map the area around you.


Message History

You see here a dagger.
You scratch the orc priest.
The orc priest is heavily wounded.
The orc priest completely misses you. The orc misses you.
You scratch the orc priest.
You bite the orc priest, but do no damage.
The orc priest is severely wounded.
The orc priest looks braver for a moment.
The orc priest invokes the aid of Beogh against you.
Pain shoots through your body! The orc completely misses you.
You are healed.
You feel somewhat more hungry. The orc priest hits you with a club.
You closely miss the orc priest.
The orc priest is severely wounded.
The orc completely misses you.
The orc priest invokes the aid of Beogh against you.
Beogh smites you!
* * * LOW HITPOINT WARNING * * *
The orc priest hits you with a club.
You die...

...# #...# #. #.# ...#
#...# .# #.# ...# #...#
)# #.# ...# #...# .####
#.# ...########รท#.#
....# #.#
........).).#.###....###
#.#
###########.#...........
#.# ###...........* #.#
#...@o......* #.#
.....#'#o...### #.# **
#.#####.#....# * * #.#
,,, ,** #....o.... ,#.#
, , * *#........., ,#.#
, , #......... #.# , *
*,*#......... #.# , , ,
## .###########.# ,, ,
,' , , *,,> #...#...#.#


You could see 2 orc priests and an orc.

Vanquished Creatures
  An orc priest (D:3)
  6 adders
  3 oozes
  4 dart slugs
  10 orcs (D:3)
  2 ball pythons
  A giant cockroach (D:1)
  8 goblins
  3 hobgoblins
  6 kobolds
  3 bats
  6 frilled lizards
  6 rats
59 creatures vanquished.

Notes
Turn   | Place    | Note
-------+----------+-------------------------------------------
     0 | D:1      | inc the Felid Monk began the quest for the Orb.
     0 | D:1      | Reached XP level 1. HP: 10/10 MP: 2/2
   313 | D:1      | Reached XP level 2. HP: 14/14 MP: 3/3
   757 | D:2      | Reached skill level 4 in Unarmed Combat
   759 | D:2      | Gained mutation: You passively map a small area around you. [potion of mutation]
   759 | D:2      | Gained mutation: You passively map the area around you. [potion of mutation]
   969 | D:2      | Reached XP level 3. HP: 9/17 MP: 4/4
  1259 | D:2      | Found a glowing silver altar of Zin.
  1259 | D:2      | Found a white marble altar of Elyvilon.
  1260 | D:2      | Found a glowing golden altar of the Shining One.
  1313 | D:2      | Became a worshipper of Elyvilon the Healer
  1313 | D:2      | Reached * piety under Elyvilon
  1313 | D:2      | Reached ** piety under Elyvilon
  1826 | D:2      | Reached XP level 4. HP: 21/21 MP: 5/5
  1893 | D:2      | Reached skill level 5 in Unarmed Combat
  2875 | D:3      | Killed from afar by an orc priest
  2876 | D:3      | Reached XP level 3. HP: -2/17 MP: 4/4
  2930 | D:3      | Reached XP level 4. HP: 21/21 MP: 5/5
  2931 | D:3      | Reached skill level 6 in Unarmed Combat
  3128 | D:3      | Slain by an orc priest

Skill      XL: |  1  2  3  4 |
---------------+-------------+-----
Unarmed Combat | 4 6 |  6.0
Fighting       | |  3.0
Dodging        | |  4.0
Stealth        | |  2.6

Action                   |  1- 3 |  4- 6 || total
-------------------------+-------+-------++-------
Melee: Unarmed           |    74 |    86 ||   160
       Bite              |     7 |     9 ||    16
       Punch             |       |     1 ||     1
Invok: Lesser Healing    |       |     1 ||     1
  Use: Potion            |     3 |       ||     3
 Stab: Sleeping          |     8 |     8 ||    16
  Eat: Chunk             |     1 |     6 ||     7
Armor: Skin              |     2 |       ||     2
Dodge: Dodged            |    47 |    63 ||   110
